 Dungeon Crawl Stone Soup version 0.29.1-15-g9cfb28693d (webtiles) character file.

Game seed: 2947537778402520202

318 phaet the Gusty (level 6, -2/44 HPs)
             Began as a Gnoll Wanderer on Mar 3, 2023.
             Was a Believer of Sif Muna.
             Killed by nerve-wracking pain
             ... invoked by an orc priest
              (4 damage)
             ... on level 4 of the Dungeon.
             The game lasted 00:49:34 (7635 turns).

phaet the Gusty (Gnoll Wanderer)                    Turns: 7635, Time: 00:49:35

Health: -2/44      AC: 15    Str:  9 (10) XL:     6   Next: 45%
Magic:  14/14      EV:  1    Int:  9 (10) God:    Sif Muna [**....]
Gold:   209        SH:  0    Dex: 13 (16) Spells: 11/15 levels left

rFire   . . .      SeeInvis .   E - +2 short sword (elec)
rCold   . . .      Faith    .   (no shield)
rNeg    . . .      Spirit   .   y - +0 plate armour
rPois   .          Reflect  .   v - +0 helmet
rElec   .          Harm     .   (no cloak)
rCorr   .          Rampage  .   b - +0 pair of gloves
Will    .....                   u - +0 pair of boots
Stlth   ..........              (no amulet)
HPRegen 0.14/turn               (no ring)
MPRegen 0.14/turn               (no ring)

@: mighty
A: fangs 1, strong nose, distributed training
a: Renounce Religion, Channel Magic


You were on level 4 of the Dungeon.
You worshipped Sif Muna.
Sif Muna was pleased with you.
You visited 1 branch of the dungeon, and saw 4 of its levels.

You collected 209 gold pieces.

Inventory:

Hand Weapons
 a - a +0 dagger
 i - a +2 sling of freezing
 w - a +2 sling of flaming
 z - a +0 flail
 E - a +2 short sword of electrocution (weapon)
Missiles
 f - 4 stones (quivered)
 n - 5 large rocks
 A - 2 javelins
Armour
 b - a +0 pair of gloves (worn)
 d - a +0 robe
 k - a +0 ring mail
 u - a +0 pair of boots (worn)
 v - a +0 helmet (worn)
 x - a +0 cloak
 y - a +0 plate armour (worn)
Scrolls
 c - a scroll of blinking
 h - 3 scrolls of teleportation {unknown}
 j - 3 scrolls of vulnerability {unknown}
 p - 2 scrolls of enchant weapon {unknown}
 q - 2 scrolls of identify {unknown}
 r - a scroll of poison {unknown}
 s - a scroll of enchant armour {unknown}
 t - a scroll of magic mapping {unknown}
 B - a scroll of summoning {unknown}
 C - a scroll of noise {unknown}
 D - a scroll of brand weapon {unknown}
Potions
 e - a potion of ambrosia {unknown}
 g - a potion of attraction
 l - a potion of haste {unknown}
 m - a potion of might


   Skills:
 + Level 2.0 Fighting
 + Level 2.0 Short Blades
 + Level 2.0 Long Blades
 + Level 2.0 Axes
 + Level 2.0 Maces & Flails
 + Level 2.0 Polearms
 + Level 2.0 Staves
 + Level 2.0 Ranged Weapons
 + Level 2.0 Throwing
 + Level 5.0 Armour
 + Level 2.0 Dodging
 + Level 3.1 Stealth
 + Level 2.0 Shields
 + Level 5.0 Unarmed Combat
 + Level 5.4 Spellcasting
 + Level 1.6 Conjurations
 + Level 1.6 Hexes
 + Level 1.6 Summonings
 + Level 1.6 Necromancy
 + Level 1.6 Translocations
 + Level 1.6 Transmutations
 + Level 1.6 Fire Magic
 + Level 1.6 Ice Magic
 + Level 5.7 Air Magic
 + Level 1.6 Earth Magic
 + Level 1.6 Poison Magic
 + Level 2.2 Invocations
 + Level 2.0 Evocations


You had 11 spell levels left.
You knew the following spells:

 Your Spells              Type           Power      Damage    Failure   Level
a - Poisonous Vapours     Pois/Air       18%        N/A       100%        2
b - Static Discharge      Conj/Air       9%         3-5/arc   100%        2

Your spell library contained the following spells:

 Spells                   Type           Power      Damage    Failure   Level
 Call Canine Familiar     Summ           5%         N/A       100%        3
 Portal Projectile        Hex/Tloc       10%        N/A       100%        3
 Leda's Liquefaction      Hex/Erth       2%         N/A       100%        4


Dungeon Overview and Level Annotations

Branches:
Dungeon (4/15)
 Temple: D:4-7

Altars:
Cheibriados
Sif Muna
The Shining One


Innate Abilities, Weirdness & Mutations

You have very sharp teeth.
Your uncanny sense of smell can sniff out nearby items.
Your experience applies equally to all skills.


Message History

* * * LOW HITPOINT WARNING * * *
The orc wizard hits you but does no damage.
The orc hits you but does no damage.
It was a potion of might.
You feel very mighty all of a sudden.
The orc priest hits you but does no damage.
The orc wizard hits you but does no damage.
The orc hits you but does no damage.
It was a potion of degeneration.
There was something very wrong with that liquid.
You feel weakened.
You feel dopey.
You feel clumsy. The orc hits you but does no damage.
The orc priest hits you but does no damage.
The orc wizard hits you but does no damage.
The orc wizard hits you but does no damage.
The orc wizard attacks as you move away!
The orc wizard hits you but does no damage.
The orc wizard attacks as you move away!
The orc wizard hits you with a +0 dagger.
* * * LOW HITPOINT WARNING * * *
The orc attacks as you move away! The orc hits you with a +0 short sword.
* * * LOW HITPOINT WARNING * * *
The orc wizard points at you and mumbles some strange words.
You resist with some effort.
The orc wizard casts a spell.
The orc wizard flickers and vanishes!
Deactivating autopickup; reactivate with Ctrl-A.
The orc priest casts a cantrip, but nothing happens.
The orc attacks as you move away! The orc hits you but does no damage.
The orc attacks as you move away! The orc hits you but does no damage.
The orc hits you but does no damage. The orc attacks as you move away!
The orc hits you with a +0 short sword.
* * * LOW HITPOINT WARNING * * *
The orc attacks as you move away! The orc hits you but does no damage.
The orc priest attacks as you move away!
The orc priest hits you with a +0 hand axe.
* * * LOW HITPOINT WARNING * * *
The orc priest calls down the wrath of Beogh upon you.
Pain shoots through your body!
You die...

# ##...## #........##....# #
#.#..#####.._....###....#
####.##.##....).......#....#
.....##.#####.###...#..<...#
.######....##.###.####.....#
## ####..#..##.# #....>.#
##.##.##.###.#....# #
#.##.....)..###### ###
#.##..@#.#### ).###
#....#...# )...##
###...o..### #....###
###........#
##.#...####.....o....#
#................#..#
####.....#####...#..##
#.#...............###
#..#########...###...#


You could see an orc priest and an orc.

Vanquished Creatures
  A black bear (D:4)
  A scorpion (D:3)
  Jessica (D:2)
  3 adders (D:2)
  4 dart slugs
  2 worms
  11 orcs
  8 ball pythons
  9 endoplasms
  3 giant cockroaches
  7 goblins
  8 hobgoblins
  4 quokkas
  8 bats
  3 frilled lizards (D:2)
  8 kobolds
  8 rats
89 creatures vanquished.

Vanquished Creatures (others)
  6 plants (D:1)
6 creatures vanquished.

Grand Total: 95 creatures vanquished

Notes
Turn   | Place    | Note
-------+----------+-------------------------------------------
     0 | D:1      | phaet the Gnoll Wanderer began the quest for the Orb.
     0 | D:1      | phaet set off with the following items: a +0 dagger, a +0
                  | pair of gloves, a scroll of blinking, a +0 robe, 2 scrolls
                  | of fear; and the following spells available to memorise:
                  | Poisonous Vapours, Static Discharge.
     0 | D:1      | Reached XP level 1. HP: 13/13 MP: 6/6
   439 | D:1      | Reached XP level 2. HP: 15/19 MP: 7/7
  1015 | D:1      | Found a faded altar of an unknown god.
  1159 | D:1      | Reached skill level 5 in Spellcasting
  1159 | D:1      | Reached XP level 3. HP: 19/25 MP: 7/9
  1240 | D:1      | Learned a level 2 spell: Poisonous Vapours
  1243 | D:1      | Learned a level 2 spell: Static Discharge
  1256 | D:1      | Prayed at the altar of an unknown god.
  1256 | D:1      | Became a worshipper of Sif Muna the Loreminder
  1256 | D:1      | Reached * piety under Sif Muna
  1973 | D:2      | Noticed Jessica
  2121 | D:2      | Reached skill level 1 in Invocations
  2224 | D:2      | HP: 1/25 [frozen (4)]
  2695 | D:2      | Killed Jessica
  2696 | D:2      | Reached skill level 1 in Fighting
  2696 | D:2      | Reached skill level 1 in Short Blades
  2696 | D:2      | Reached skill level 1 in Long Blades
  2696 | D:2      | Reached skill level 1 in Axes
  2696 | D:2      | Reached skill level 1 in Maces & Flails
  2696 | D:2      | Reached skill level 1 in Polearms
  2696 | D:2      | Reached skill level 1 in Staves
  2696 | D:2      | Reached skill level 1 in Ranged Weapons
  2696 | D:2      | Reached skill level 1 in Throwing
  2696 | D:2      | Reached skill level 1 in Dodging
  2696 | D:2      | Reached skill level 1 in Shields
  2696 | D:2      | Reached skill level 1 in Evocations
  2696 | D:2      | Reached XP level 4. HP: 15/32 MP: 11/11
  3420 | D:2      | Reached skill level 1 in Conjurations
  3420 | D:2      | Reached skill level 1 in Hexes
  3420 | D:2      | Reached skill level 1 in Summonings
  3420 | D:2      | Reached skill level 1 in Necromancy
  3420 | D:2      | Reached skill level 1 in Translocations
  3420 | D:2      | Reached skill level 1 in Transmutations
  3420 | D:2      | Reached skill level 1 in Fire Magic
  3420 | D:2      | Reached skill level 1 in Ice Magic
  3420 | D:2      | Reached skill level 1 in Earth Magic
  3420 | D:2      | Reached skill level 1 in Poison Magic
  5024 | D:3      | Reached XP level 5. HP: 27/37 MP: 12/12
  5244 | D:3      | Reached ** piety under Sif Muna
  6468 | D:4      | Found a glowing golden altar of the Shining One.
  7428 | D:4      | Found a snail-covered altar of Cheibriados.
  7469 | D:4      | Noticed a black bear
  7478 | D:4      | Killed a black bear
  7479 | D:4      | Reached skill level 5 in Armour
  7479 | D:4      | Reached skill level 5 in Unarmed Combat
  7479 | D:4      | Reached XP level 6. HP: 41/44 MP: 14/14
  7617 | D:4      | HP: 2/44 [orc/+0 short sword (2)]
  7635 | D:4      | HP: 2/44 [orc priest/+0 hand axe (2)]
  7635 | D:4      | Killed from afar by an orc priest

Illustrated notes

Levels and vault maps discovered:
D:1:      eino_arrival_druids_welcome, layout_basic,
          hellmonk_ecumenical_altar_crossroads
D:2:      layout_basic, grunt_ministairs_2,
          hangedman_abyss_or_decor_lesser_grid, skrybe_limestone_x, uniq_jessica
D:3:      layout_rooms
D:4:      layout_rooms, nicolae_tso_swordbearing_angel, kennysheep_mini,
          cheibriados_altar_1, serial_corexii_hall,
          corexii_hall_statues_deadend, corexii_hall_statues_i

Skill      XL: |  1  2  3  4  5 |
---------------+----------------+-----
Spellcasting   | 5 |  5.4
Invocations    | 1 2 |  2.2
Fighting       | 1 2 |  2.0
Short Blades   | 1 2 |  2.0
Long Blades    | 1 2 |  2.0
Axes           | 1 2 |  2.0
Maces & Flails | 1 2 |  2.0
Polearms       | 1 2 |  2.0
Staves         | 1 2 |  2.0
Ranged Weapons | 1 2 |  2.0
Throwing       | 1 2 |  2.0
Dodging        | 1 2 |  2.0
Shields        | 1 2 |  2.0
Evocations     | 1 2 |  2.0
Conjurations   | 1 |  1.6
Hexes          | 1 |  1.6
Summonings     | 1 |  1.6
Necromancy     | 1 |  1.6
Translocations | 1 |  1.6
Transmutations | 1 |  1.6
Fire Magic     | 1 |  1.6
Ice Magic      | 1 |  1.6
Earth Magic    | 1 |  1.6
Poison Magic   | 1 |  1.6
Stealth        | 3 |  3.1
Armour         | 5 |  5.0
Unarmed Combat | 5 |  5.0
Air Magic      | |  5.7

Action                   |  1- 3 |  4- 6 || total
-------------------------+-------+-------++-------
Melee: Dagger            |   154 |   339 ||   493
       Bite              |    14 |    30 ||    44
       Punch             |     9 |    11 ||    20
       Short sword       |       |    35 ||    35
Throw: Stone             |     7 |    31 ||    38
  Use: Scroll            |     3 |       ||     3
       Potion            |       |     7 ||     7
Armor: Ring mail         |    85 |   144 ||   229
       Plate armour      |       |    66 ||    66
       Skin              |       |    26 ||    26
Dodge: Dodged            |    74 |   180 ||   254
